 Dungeon Crawl Stone Soup version 0.20-a0-513-g02c11fc (webtiles) character file.

48874 Ijustatesigmund the Covert (level 14, -5/71 (72) HPs)
             Began as a Spriggan Assassin on Jan 20, 2017.
             Was a High Priest of Okawaru.
             Slain by a polar bear (13 damage)
             ... in an ice cave on Jan 23, 2017.
             The game lasted 02:34:15 (28965 turns).

Ijustatesigmund the Covert (Spriggan Assassin)     Turns: 28965, Time: 02:34:16

HP:   -5/71 (72)    AC:  8    Str:  9    XL:     14   Next: 13%
MP:   0/28          EV: 32    Int: 24    God:    Okawaru [*****.]
Gold: 1095          SH: 10    Dex: 18    Spells: 20/31 levels left

rFire    x . .     SeeInvis +   a - +4 dagger
rCold    . . .     Gourm    .   T - +1 animal skin of Sorcery {Regen+ Int+4}
rNeg     . . .     Faith    .   l - +2 buckler
rPois    +         Spirit   +   H - +2 hat {Int+3}
rElec    .         Reflect  .   d - +2 cloak
rCorr    .         Harm     .   (gloves unavailable)
MR       +++..                  (boots unavailable)
Stlth    ++++......             s - amulet of guardian spirit
Regen    0.7/turn               E - ring of stealth
                                A - ring of Day {rPois rF- MR+ Str+2 Int+2}

@: heroism, repel missiles, very quick
A: unfitting armour, horns 1, see invisible, clumsy 1, herbivore 3, speed 3,
slow metabolism 2
a: Heroism, Finesse, Renounce Religion


You were in an ice cave.
You worshipped Okawaru.
Okawaru was extremely pleased with you.
You were not hungry.

You visited 4 branches of the dungeon, and saw 21 of its levels.
You also visited: Bailey and Ice Cave.

You collected 1355 gold pieces.
You spent 260 gold pieces at shops.

Inventory:

Hand Weapons
 a - a +4 dagger (weapon)
 b - a +2 blowgun
Missiles
 k - 37 tomahawks
 J - 6 steel tomahawks
 L - 15 needles of confusion
 M - 9 tomahawks of returning (quivered)
 S - 2 throwing nets
 U - 2 needles of paralysis
 V - a curare-tipped needle
Armour
 d - a +2 cloak (worn)
 e - a +2 troll leather armour
 l - a +2 buckler (worn)
 H - a +2 hat of intelligence (worn)
 T - the +1 animal skin of Sorcery (worn) {Regen+ Int+4}
   (Okawaru gifted it to you on level 12 of the Dungeon)

   It affects your intelligence (+4).
   It increases your rate of regeneration.
Jewellery
 s - an amulet of guardian spirit (around neck)
 z - an uncursed ring of fire
 A - the ring of Day (left hand) {rPois rF- MR+ Str+2 Int+2}
   (You found it on level 8 of the Dungeon)

   [ring of poison resistance]

   It affects your strength (+2).
   It affects your intelligence (+2).
   It makes you vulnerable to fire.
   It protects you from poison.
   It affects your resistance to hostile enchantments.
 E - a ring of stealth (right hand)
 F - an uncursed ring of protection from magic
Wands
 c - a wand of scattershot (3/9)
 f - a wand of iceblast (1/15)
 v - a wand of iceblast (7/15)
 C - a wand of paralysis (2/24)
 I - a wand of confusion (27/48)
 Z - a wand of disintegration (4/24)
Scrolls
 o - 2 scrolls of recharging
 r - 8 scrolls of remove curse
 w - 5 scrolls of teleportation
 y - a scroll of immolation
 B - 3 scrolls of fear
 N - 2 scrolls of blinking
 R - 2 scrolls of enchant armour
 X - a scroll of magic mapping
 Y - 2 scrolls of fog
Potions
 h - 3 potions of brilliance
 i - 4 potions of curing
 j - 3 potions of ambrosia
 m - 4 potions of haste
 n - 3 potions of flight
 p - 6 potions of heal wounds
 t - 3 potions of magic
 x - a potion of cancellation
 D - a potion of resistance
 K - a potion of berserk rage
 Q - 2 potions of cure mutation {unknown}
 W - a potion of might {unknown}
Books
 O - a book of the Tempests

   Spells                             Type                      Level
   a - Static Discharge               Conjuration/Air              3
   b - Lightning Bolt                 Conjuration/Air              5
   c - Fireball                       Conjuration/Fire             5
   d - Tornado                        Air                          9
   e - Shatter                        Earth                        9
Miscellaneous
 q - a phantom mirror
 u - a lamp of fire
 P - a phial of floods
Comestibles
 g - 16 bread rations
 G - 3 fruits


   Skills:
 + Level 7.9(12.9) Fighting
 + Level 10.3(15.3) Short Blades
 - Level 7.6(12.6) Throwing
 - Level 10.2(15.2) Dodging
 - Level 12.1(17.1) Stealth
 - Level 3.0(8.0) Shields
 - Level 9.3 Spellcasting
 - Level 3.3 Conjurations
 + Level 4.4 Charms
 - Level 5.1 Translocations
 * Level 3.4 Ice Magic
 - Level 4.6 Air Magic
 - Level 5.0 Poison Magic
 - Level 9.3 Invocations
 - Level 7.1 Evocations


You had 20 spell levels left.
You knew the following spells:

 Your Spells              Type           Power        Failure   Level  Hunger
a - Magic Dart            Conj           ####         1%          1    None
b - Blink                 Tloc           N/A          1%          2    None
c - Repel Missiles        Chrm/Air       ####..       1%          2    None
d - Mephitic Cloud        Conj/Pois/Air  ####....     2%          3    None
e - Ozocubu's Armour      Chrm/Ice       ####....     3%          3    None


Dungeon Overview and Level Annotations

Branches:
Dungeon (14/15)            Temple (1/1) D:5            Lair (4/6) D:9
  Swamp (0/4) Lair:2        Snake (0/4) Lair:2          Orc (2/2) D:10
    Elf (0/3) Orc:2
 Vaults: D:13-14

Altars:
Ashenzari
Dithmenos
Fedhas
Gozag
Kikubaaqudgha
Nemelex Xobeh
Okawaru
Ru
Sif Muna
Uskayaw
Xom
The Shining One
Beogh

Shops:
D:7 *   D:8 ?(:![   D:9 (

Annotations:
D:6 Graouh's ghost, novice HuFi
D:12 HEYYEYAAE's ghost, journeyman TrBe
Lair:2 exclusion: oklob plant


Innate Abilities, Weirdness & Mutations

You are very small and have problems with some larger weapons.
You are too small for most types of armour.
You have supernaturally acute eyesight. (SInv)
You are a herbivore.
You cover ground extremely quickly.
You need consume almost no food.
You have a pair of small horns on your head.
You are clumsy. (Dex -2)


Message History

* * * LOW HITPOINT WARNING * * *
The polar bear barely misses you.
You barely miss the polar bear.
The polar bear is almost dead.
Casting: Blink
Confirm with . or Enter, or press ? or * to list all spells.
You blink.
You block the polar bear's attack.
The polar bear completely misses you. x3; You block the polar bear's attack.
The polar bear closely misses you.
Casting: Blink
Confirm with . or Enter, or press ? or * to list all spells.
You blink.
Splash!
You fall into the shallow water.
Moving in this stuff is going to be slow.
The polar bear growls angrily.
You are engulfed in freezing vapours.
* * * LOW HITPOINT WARNING * * *
The polar bear bites you!
You die...

.## ..#
##§§# #.§.
##.. ##†.##
##
##§h#§##§##
#..@h#hh#$#
##..##.#$#
##..##§#$#
##..### #
##.## #..##
##...#
#...##
##...#


You could see 2 polar bears.

Vanquished Creatures
  Rupert (D:13)
  Gastronok (Lair:1)
  Nessos (D:13)
  Harold (Lair:1)
  A centaur warrior (D:13)
  2 hydras
  9 two-headed ogres
  An unseen horror (D:10)
  2 orc knights (Orc:1)
  Pikel (D:5)
  2 ugly things (D:13)
  2 manticores
  An orc sorcerer (Orc:1)
  2 cyclopes
  3 elephants (Lair:3)
  Joseph (Lair:1)
  A gargoyle (D:12)
  8 spiny frogs
  3 centaur skeletons (D:12)
  4 komodo dragons
  A rime drake (Lair:1)
  2 ice devils (Orc:2)
  4 polar bears (Lair:3)
  3 tyrant leeches (Lair:2)
  5 trolls
  8 blink frogs (Lair:2)
  5 slime creatures (D:13)
  6 hippogriffs
  A shadow (D:13)
  33 yaks
  Grum (D:9)
  A wyvern (Lair:3)
  7 basilisks
  Eustachio (D:5)
  A hungry ghost (D:12)
  A steam dragon (D:11)
  A warg (Orc:1)
  3 nagas (Lair:2)
  A soldier ant (D:13)
  5 porcupines
  15 orc warriors
  10 water moccasins
  2 ice beasts
  A slave (D:5)
  9 black bears
  4 phantoms
  3 necrophages
  An eye of draining (D:14)
  12 wolves
  10 ogres
  10 centaurs
  5 crocodiles
  Blork the orc (D:5)
  2 big kobolds
  5 bullfrogs
  A gnoll sergeant (Orc:1)
  A wyvern skeleton (D:13)
  6 scorpions
  4 jellies
  10 killer bees
  3 wights (D:12)
  6 howler monkeys
  6 crimson imps
  3 centaur zombies
  A quasit (D:10)
  2 hounds
  8 orc priests
  13 orc wizards
  2 bullfrog zombies
  2 bullfrog skeletons (D:13)
  5 iguanas
  2 hell rats (Lair:3)
  7 worker ants
  2 hound zombies
  2 worker ant zombies
  7 gnolls
  12 adders
  7 river rats (Lair:3)
  2 shadow imps
  An ooze (D:5)
  3 adder zombies
  An adder skeleton (D:4)
  A worm (D:3)
  8 leopard geckos
  82 orcs
  3 ball pythons
  5 giant cockroaches
  7 goblins
  7 hobgoblins
  11 jackals
  4 quokkas
  5 bats
  2 frilled lizards
  25 kobolds
  2 leopard gecko skeletons
  A leopard gecko zombie (D:5)
  A quokka skeleton (D:5)
  A quokka zombie (D:7)
  10 rats
  A plant (D:9)
522 creatures vanquished.

Vanquished Creatures (collateral kills)
  An ice beast (D:7)
1 creature vanquished.

Vanquished Creatures (others)
  4 wolves (IceCv)
  2 centaurs
  A bullfrog skeleton (D:5)
  A hound skeleton (D:5)
  A shadow imp (D:5)
  A ball python (D:5)
  4 fungi
  12 plants (D:9)
26 creatures vanquished.

Grand Total: 549 creatures vanquished

Notes
Turn   | Place    | Note
-------+----------+-------------------------------------------
     0 | D:1      | Ijustatesigmund the Spriggan Assassin began the quest for the Orb.
     0 | D:1      | Reached XP level 1. HP: 10/10 MP: 2/2
   107 | D:4      | Reached skill level 6 in Stealth
   221 | D:4      | Noticed an ogre
   229 | D:4      | Killed an ogre
   229 | D:4      | Reached XP level 2. HP: 14/14 MP: 3/3
   229 | D:4      | Reached XP level 3. HP: 18/18 MP: 4/4
   229 | D:4      | Reached XP level 4. HP: 22/22 MP: 5/5
   233 | D:4      | Reached skill level 7 in Stealth
   305 | D:5      | Entered Level 5 of the Dungeon
  2018 | D:3      | Reached XP level 5. HP: 10/25 MP: 6/6
  2523 | D:3      | Found a deep blue altar of Sif Muna.
  2526 | D:3      | Found an ancient bone altar of Kikubaaqudgha.
  2529 | D:3      | Found a sacrificial altar of Ru.
  2885 | D:3      | Reached skill level 1 in Shields
  2998 | D:4      | Noticed a phantom
  3758 | D:4      | Reached XP level 6. HP: 30/30 MP: 7/7
  3819 | D:5      | Noticed Blork the orc
  4702 | D:4      | Reached XP level 7. HP: 13/33 MP: 6/8
  5032 | D:5      | Noticed Pikel
  5131 | D:5      | Killed Pikel
  5131 | D:5      | Reached skill level 5 in Short Blades
  5184 | D:5      | Noticed Eustachio
  5189 | D:5      | Killed Eustachio
  5189 | D:5      | Reached XP level 8. HP: 42/42 MP: 9/9
  5191 | D:5      | Got a bloodstained hand axe
  5192 | D:5      | Identified the +6 hand axe "Murmur" {drain, rPois rC+} (You found it on level 5 of the Dungeon)
  5232 | D:5      | Found a staircase to the Ecumenical Temple.
  5233 | D:5      | Got a scorched mace
  5234 | D:5      | Identified the +2 mace of Disarray {speed, MR+} (You found it on level 5 of the Dungeon)
  5247 | Temple   | Entered the Ecumenical Temple
  5261 | Temple   | Became a worshipper of Warmaster Okawaru
  5303 | D:5      | Reached skill level 1 in Invocations
  5598 | D:5      | Killed Blork the orc
  5913 | D:5      | Found a hide-covered altar of Uskayaw.
  6349 | D:6      | Noticed Graouh's ghost (novice HuFi)
  6430 | D:6      | Found a sparkling altar of Nemelex Xobeh.
  6509 | D:6      | Reached skill level 5 in Invocations
  6695 | D:7      | Reached * piety under Okawaru
  7052 | D:7      | Found Istresk's Serpentskin Sales.
  7243 | D:7      | Reached XP level 9. HP: 45/45 MP: 13/15
  7357 | D:7      | Found a shimmering altar of Xom.
  7357 | D:7      | Found a hide-covered altar of Uskayaw.
  8063 | D:6      | Reached skill level 1 in Spellcasting
  8406 | D:8      | Noticed a two-headed ogre
  8407 | D:8      | Found Ecappauwa's Antique Weapon Boutique.
  8409 | D:8      | Got a twitching iron ring
  8455 | D:8      | Killed a two-headed ogre
  8455 | D:8      | Reached ** piety under Okawaru
  8455 | D:8      | Reached skill level 8 in Stealth
  8600 | D:8      | Reached skill level 9 in Stealth
  8751 | D:8      | Found Hevvixie's Book Shop.
  9090 | D:8      | Bought a book of Minor Magic for 260 gold pieces
  9264 | D:8      | Noticed a two-headed ogre
  9287 | D:7      | Learned a level 1 spell: Magic Dart
  9290 | D:7      | Learned a level 2 spell: Blink
  9293 | D:7      | Learned a level 2 spell: Repel Missiles
  9374 | D:8      | Found Doiducun's Armour Shoppe.
  9523 | D:8      | Noticed a two-headed ogre
  9551 | D:8      | Found Ribohas's Distillery.
  9747 | D:7      | Reached skill level 1 in Conjurations
  9800 | D:8      | Found Ywookiom's Magic Scroll Shop.
  9880 | D:8      | Killed a two-headed ogre
  9880 | D:8      | Reached *** piety under Okawaru
  9880 | D:8      | Reached skill level 5 in Spellcasting
  9880 | D:8      | Reached XP level 10. HP: 49/49 MP: 16/19
  9918 | D:8      | Killed a two-headed ogre
  9918 | D:8      | Received a gift from Okawaru
 10263 | D:8      | Found a blossoming altar of Fedhas.
 10471 | D:9      | Reached skill level 1 in Translocations
 10629 | D:9      | Noticed a two-headed ogre
 10671 | D:9      | Killed a two-headed ogre
 10671 | D:9      | Reached skill level 5 in Throwing
 10727 | D:9      | Noticed Grum
 11515 | D:8      | Reached skill level 5 in Translocations
 11729 | D:9      | Upgraded the game from 0.20-a0-502-g555d78b to 0.20-a0-513-g02c11fc
 12190 | D:8      | Identified the ring of Day {rPois rF- MR+ Str+2 Int+2} (You found it on level 8 of the Dungeon)
 12556 | D:9      | Reached **** piety under Okawaru
 13077 | D:9      | Reached skill level 5 in Fighting
 13090 | D:10     | Entered Level 10 of the Dungeon
 13199 | D:10     | Reached XP level 11. HP: 34/55 MP: 14/22
 13584 | D:10     | Noticed a two-headed ogre
 13725 | D:12     | Found a flagged portal.
 13737 | D:12     | Got a twisted hand axe
 13740 | Bailey   | Entered a bailey
 13751 | Bailey   | Noticed an orc warlord
 14010 | Bailey   | Found a runed gate.
 14012 | Bailey   | Found a runed gate.
 14014 | Bailey   | Found a runed gate.
 14367 | D:11     | You fall through a shaft!
 14787 | D:9      | Received a gift from Okawaru
 14842 | D:9      | Found Lexkeeb's Weapon Boutique.
 14906 | D:9      | Found a staircase to the Lair.
 15709 | D:9      | Killed Grum
 16085 | D:10     | Noticed an unseen horror
 16183 | D:10     | Reached skill level 10 in Stealth
 16314 | D:10     | Found a roughly hewn altar of Beogh.
 16902 | D:10     | Killed a two-headed ogre
 16905 | D:10     | Identified the +7 hand axe of Cowardice {freeze, +Fly MR++} (You found it on level 12 of the Dungeon)
 17409 | D:9      | Reached skill level 11 in Stealth
 17467 | D:10     | Reached skill level 1 in Evocations
 17482 | D:10     | Killed an unseen horror
 17482 | D:10     | Reached ***** piety under Okawaru
 17519 | D:10     | Found a staircase to the Orcish Mines.
 17818 | Orc:1    | Entered Level 1 of the Orcish Mines
 17818 | Orc:1    | Noticed an orc knight
 17818 | Orc:1    | Noticed an enchanted double sword
 17819 | Orc:1    | Killed an orc knight
 17821 | Orc:1    | Noticed an orc knight
 18098 | Lair:1   | Entered Level 1 of the Lair of Beasts
 18108 | Lair:1   | Learned a level 3 spell: Mephitic Cloud
 19003 | Lair:1   | Reached XP level 12. HP: 58/60 MP: 10/23
 19192 | Lair:1   | Noticed Gastronok
 19196 | Lair:1   | Noticed a five-headed hydra
 19226 | Lair:1   | Noticed Harold
 19386 | D:11     | Reached skill level 5 in Evocations
 19392 | D:11     | Noticed a two-headed ogre
 19439 | D:11     | Noticed a two-headed ogre
 19451 | D:11     | Killed a two-headed ogre
 19451 | D:11     | Received a gift from Okawaru
 19611 | D:11     | Killed a two-headed ogre
 20047 | D:12     | Received a gift from Okawaru
 20080 | D:12     | Got a crude animal skin {god gift}
 20091 | D:12     | Identified the +1 animal skin of Sorcery {Regen+ Int+4} (Okawaru gifted it to you on level 12 of the Dungeon)
 20108 | D:12     | Found a shimmering altar of Xom.
 20306 | D:12     | Noticed HEYYEYAAE's ghost (journeyman TrBe)
 20391 | D:12     | Noticed a two-headed ogre
 20398 | D:12     | Killed a two-headed ogre
 21275 | D:13     | Noticed Nessos
 21282 | D:13     | Killed Nessos
 21282 | D:13     | Reached skill level 1 in Air Magic
 21282 | D:13     | Reached skill level 1 in Poison Magic
 21432 | D:13     | Noticed a centaur warrior
 21453 | D:13     | Killed a centaur warrior
 21697 | D:13     | Noticed a two-headed ogre
 21703 | D:13     | Killed a two-headed ogre
 22494 | D:13     | Noticed Rupert
 22525 | D:13     | Killed Rupert
 22525 | D:13     | Reached XP level 13. HP: 64/64 MP: 27/27
 22912 | D:13     | Received a gift from Okawaru
 23185 | Lair:1   | Killed Harold
 23185 | Lair:1   | Reached skill level 5 in Poison Magic
 23423 | Lair:1   | Noticed Joseph
 23438 | Lair:1   | Killed Joseph
 23644 | Lair:1   | Killed Gastronok
 23929 | Lair:1   | You fall through a shaft!
 23989 | Lair:2   | Found a staircase to the Snake Pit.
 24857 | Lair:2   | Found a staircase to the Swamp.
 24973 | Lair:2   | Reached skill level 12 in Stealth
 24995 | Lair:2   | Reached skill level 10 in Dodging
 25875 | Lair:1   | Learned a level 3 spell: Ozocubu's Armour
 26227 | Lair:3   | Reached skill level 1 in Charms
 26272 | Lair:3   | Received a gift from Okawaru
 26272 | Lair:3   | Reached skill level 1 in Ice Magic
 26780 | Lair:3   | Received a gift from Okawaru
 26789 | Lair:3   | Reached skill level 10 in Short Blades
 27235 | Lair:3   | Gained mutation: You have a pair of small horns on your head. [potion of beneficial mutation]
 27445 | Lair:3   | Reached XP level 14. HP: 62/71 MP: 22/28
 27548 | Lair:3   | Received a gift from Okawaru
 27907 | Lair:3   | Found a shadowy altar of Dithmenos.
 28356 | Orc:1    | Gained mutation: You are clumsy. (Dex -2) [a neqoxec]
 28662 | Orc:2    | Entered Level 2 of the Orcish Mines
 28808 | Orc:2    | Found a staircase to the Elven Halls.
 28859 | Orc:2    | Found a frozen archway.
 28870 | IceCv    | Entered an ice cave
 28965 | IceCv    | Slain by a polar bear

Vault maps used:
D:1:      lightli_molten_gateway, serial_forest, infiniplex_forest_clump_double,
          infiniplex_forest_end_2, infiniplex_forest_lined_corner,
          infiniplex_forest_lined_1, infiniplex_forest_lined_3,
          minmay_misc_feat_rows, minivault_25
D:3:      grunt_temple_overflow_diamond, first_bread, item_on_display_a
D:5:      lemuel_tele_altar, uniq_blork_the_orc, uniq_pikel, uniq_eustachio
D:6:      grunt_decor_arrowhead, nemelex_xobeh_ov_fountains_minmay
D:7:      gammafunk_temple_overflow_elements, grunt_ogre_cave,
          guppyfry_shop_venom
D:8:      serial_shops, kennysheep_mini,
          nicolae_shop_temple_entry_statues_fountains, nicolae_shop_trees, shop,
          nicolae_shop_crystal, fedhas_altar_4
D:9:      minmay_lair_entry_grove, serial_shops, shop, uniq_grum
D:10:     david_orc_5
D:12:     enter_bailey_2, basic_altar
D:13:     uniq_rupert, uniq_nessos
D:14:     david_vaults_4, serial_shops, nicolae_shop_waterfront,
          solitary_fountain, minivault_16, statue_in_the_mist_lemuel,
          lightli_wizard_tower, uniq_agnes
Temple:   eino_temple_scatter_basement
Lair:1:   uniq_gastronok, uniq_joseph, uniq_harold
Lair:2:   minmay_swamp_entry_worms, guppyfry_snake_entry_island,
          minmay_lair_oklob_chamber
Lair:3:   beast_lair_carwin_large_3, basic_altar, kennysheep_abandoned_house,
          grunt_megastairs_5
Lair:4:   lemuel_fruit_fields, lemuel_fruit_fields, serial_bayou_shore_a,
          infiniplex_staircase_pool
Orc:1:    basic_altar, sword_in_stone
Orc:2:    st_orc_town, portal_ice_cave_demonic_guard, mines3_lemuel,
          uniq_saint_roka
Bailey:   bailey_axe_bossmonster_kennysheep, bailey
IceCv:    ice_cave_caverns_02

Skill      XL: |  1  2  3  4  5  6  7  8  9 10 11 12 13 14 |
---------------+-------------------------------------------+-----
Stealth        | 6 7 9 11 12 | 12.1
Dodging        | 3 4 6 8 10 | 10.2
Short Blades   | 3 5 7 8 10 | 10.3
Shields        | 2 3 |  3.0
Throwing       | 4 6 7 |  7.6
Fighting       | 3 5 6 7 |  7.9
Invocations    | 6 7 8 9 |  9.3
Spellcasting   | 5 6 7 9 |  9.3
Conjurations   | 2 3 |  3.3
Translocations | 5 |  5.1
Evocations     | 4 7 |  7.1
Air Magic      | 4 |  4.6
Poison Magic   | 4 5 |  5.0
Charms         | 3 4 |  4.4
Ice Magic      | 2 3 |  3.4

Action                   |  1- 3 |  4- 6 |  7- 9 | 10-12 | 13-15 || total
-------------------------+-------+-------+-------+-------+-------++-------
Melee: Dagger            |    12 |   196 |   697 |  2035 |  1705 ||  4645
       Headbutt          |       |       |       |       |   124 ||   124
 Fire: Blowgun           |       |    83 |    96 |   113 |    19 ||   311
Throw: Tomahawk          |       |    29 |    41 |   324 |    89 ||   483
 Cast: Blink             |       |       |     1 |    16 |    17 ||    34
       Magic Dart        |       |       |       |   155 |    36 ||   191
       Repel Missiles    |       |       |       |     4 |     1 ||     5
       Mephitic Cloud    |       |       |       |    14 |     9 ||    23
       Ozocubu's Armour  |       |       |       |       |     5 ||     5
Invok: Heroism           |       |       |     4 |    41 |    19 ||    64
Evoke: Wand              |       |     2 |       |    22 |    15 ||    39
       Lamp of fire      |       |       |       |     1 |       ||     1
  Use: Scroll            |       |    13 |     4 |    16 |     6 ||    39
       Potion            |       |       |     2 |     2 |     1 ||     5
 Stab: Sleeping          |     4 |    13 |    12 |    24 |    25 ||    78
       Distracted        |       |       |     1 |     3 |     3 ||     7
       Confused          |       |       |       |    12 |    14 ||    26
       Paralysed         |       |       |       |     3 |     1 ||     4
  Eat: Fruit             |       |     1 |     6 |     5 |     6 ||    18
       Royal jelly       |       |       |       |     3 |     1 ||     4
       Bread ration      |       |       |       |     1 |       ||     1
Armor: Robe              |       |    15 |    51 |    89 |     5 ||   160
       Animal skin       |       |       |       |       |    72 ||    72
Dodge: Dodged            |     4 |   127 |   402 |  1059 |  1001 ||  2593
       Deflected         |       |       |       |    19 |     3 ||    22
Block: Buckler           |       |    20 |   162 |   537 |   529 ||  1248
